 Dungeon Crawl Stone Soup version 0.17.2-1-ge4368a0 (webtiles) character file.

508 Goblin1989 the Cudgeler (level 6, -5/46 HPs)
             Began as a Demonspawn Gladiator on Aug 5, 2016.
             Was an Initiate of Gozag.
             Slain by an ogre
             ... wielding a +0 giant club
              (22 damage)
             ... on level 4 of the Dungeon.
             The game lasted 00:05:50 (2854 turns).

Goblin1989 the Cudgeler (Demonspawn Gladiator)      Turns: 2854, Time: 00:05:50

Health: -5/46      AC: 10    Str: 18    XL:     6   Next: 98%
Magic:  6/6        EV:  5    Int:  9    God:    Gozag
Gold:   379        SH:  8    Dex: 13    Spells: 0 memorised, 5 levels left

rFire  . . .     SeeInvis .     a - +0 flail
rCold  + . .     Clarity  .     y - +0 chain mail
rNeg   . . .     SustAt   .     n - +0 shield
rPois  .         Gourm    .     c - +0 helmet
rElec  .         Spirit   .     (no cloak)
rCorr  .         Warding  .     (no gloves)
rMut   .         Stasis   .     (no boots)
MR     .....                    (no amulet)
Stlth  ..........               (no ring)
                                (no ring)

@: not resistant to hostile enchantments, extremely unstealthy
A: hooves 1, icy blue scales 1, cold resistance 1
a: Potion Petition, Call Merchant, Bribe Branch, Renounce Religion


You were on level 4 of the Dungeon.
You worshipped Gozag.
Gozag was noncommittal.
You were hungry.

You visited 1 branch of the dungeon, and saw 4 of its levels.

You collected 442 gold pieces.
You paid 63 gold pieces to Gozag.

Inventory:

Hand Weapons
 a - a +0 flail (weapon)
Missiles
 d - 3 throwing nets (quivered)
Armour
 c - a +0 helmet (worn)
 n - a +0 shield (worn)
 y - a +0 chain mail (worn)
Jewellery
 A - an uncursed ring of fire {unknown}
Wands
 o - a wand of digging (16)
 v - a wand of fire (7)
Scrolls
 b - a scroll of identify {unknown}
 j - a scroll of fear {unknown}
 l - a scroll of enchant weapon {unknown}
 p - a scroll of blinking {unknown}
 q - a scroll of fog {unknown}
 r - a scroll of enchant armour {unknown}
 s - a scroll of remove curse {unknown}
 z - a scroll of teleportation {unknown}
Potions
 f - a potion of agility {unknown}
 h - a potion of heal wounds {unknown}
 k - a potion of degeneration {unknown}
 u - a potion of berserk rage {unknown}
Books
 m - a book of Summonings

   Spells                             Type                      Level
   a - Recall                         Summoning/Translocation      3
   b - Aura of Abjuration             Summoning                    5
   c - Shadow Creatures               Summoning                    5
   d - Summon Demon                   Summoning                    5
   e - Summon Forest                  Summoning/Translocation      5
   f - Summon Mana Viper              Hexes/Summoning              5
 x - a book of Conjurations

   Spells                             Type                      Level
   a - Magic Dart                     Conjuration                  1
   b - Searing Ray                    Conjuration                  2
   c - Dazzling Spray                 Conjuration/Hexes            3
   d - Fulminant Prism                Conjuration/Hexes            4
   e - Iskenderun's Mystic Blast      Conjuration                  4
   f - Iskenderun's Battlesphere      Conjuration/Charms           5
Comestibles
 e - 3 bread rations
 g - a beef jerky
 i - 2 meat rations
 t - a slice of pizza
 w - 16 fruits


   Skills:
 + Level 2.4 Fighting
 + Level 6.8 Maces & Flails
 - Level 1.7 Throwing
 + Level 1.2 Armour
 - Level 2.6 Dodging
 + Level 1.0 Shields


You had 5 spell levels left.
You didn't know any spells.

Dungeon Overview and Level Annotations

Branches:
Dungeon (4/15)
 Temple: D:4-7

Altars:
Gozag
Ru
Vehumet

Shops:
D:3 *


Innate Abilities, Weirdness & Mutations

You have large cloven feet.
You are partially covered in icy blue scales (AC +1).
Your flesh is cold resistant.


Message History

You thump the adder zombie!
You destroy the adder zombie!
You now have 379 gold pieces (gained 5).
You start resting.
An ogre comes into view. It is wielding a giant club.
Found 6 javelins.
You see here 6 javelins.
You start resting.
You regained 2 hp, and now have 23/46 hp.
Read which item? (? for menu, Esc to quit)
Okay, then.
You hit the ogre. You kick the ogre, but do no damage.
The ogre is lightly wounded.
The ogre hits you with a giant club!
You take 7 damage, and have 17/46 hp.
Your chain mail prevents you from hitting the ogre.
The ogre is lightly wounded.
The ogre hits you with a giant club!!
You die...
Your body crumbles into a pile of gold.

### .# #.. ..
#.##.# ....
#####.###
#..(....#
#.###.#.#
#O###.#.#
#@##..#.#
#.##.##.#
#.##.##.###
#.........#
##.....##.#
#.#.#.##.####.#
#.#.#.........#
#.#....#.######
##### #
#.#.O#.########


You could see an ogre.

Vanquished Creatures
  Duvessa (D:4)
  A centaur (D:4)
  Dowan (D:4)
  A hound (D:4)
  An orc priest (D:4)
  3 worker ants (D:4)
  A killer bee zombie (D:3)
  3 adders
  An ooze (D:4)
  An adder zombie (D:4)
  2 worms
  5 orcs
  2 ball pythons (D:2)
  2 giant cockroaches
  13 goblins
  8 hobgoblins
  7 bats
  A giant gecko skeleton (D:4)
  3 giant newts
  3 jackals (D:2)
  6 kobolds
  A quokka (D:4)
  8 rats
75 creatures vanquished.

Notes
Turn   | Place    | Note
--------------------------------------------------------------
     0 | D:1      | Goblin1989 the Demonspawn Gladiator began the quest for the Orb.
     0 | D:1      | Reached XP level 1. HP: 16/16 MP: 1/1
   199 | D:1      | Reached skill level 3 in Maces & Flails
   281 | D:1      | Gained mutation: Your flesh is cold resistant. [demonic ancestry]
   281 | D:1      | Reached XP level 2. HP: 16/22 MP: 2/2
   884 | D:2      | Gained mutation: You are partially covered in icy blue scales (AC +1). [demonic ancestry]
   884 | D:2      | Reached XP level 3. HP: 27/27 MP: 3/3
   922 | D:2      | Found a radiant altar of Vehumet.
   969 | D:2      | Reached skill level 4 in Maces & Flails
  1172 | D:2      | Found a faded altar to an unknown god.
  1433 | D:3      | Found an opulent altar of Gozag.
  1441 | D:3      | Reached XP level 4. HP: 22/33 MP: 4/4
  1448 | D:3      | Found Gozag's Platinum Reserve.
  1452 | D:3      | Became a worshipper of Gozag Ym Sagoz the Greedy
  2177 | D:4      | Found a sacrificial altar of Ru.
  2188 | D:4      | Reached skill level 5 in Maces & Flails
  2345 | D:4      | Noticed Duvessa
  2358 | D:4      | Reached XP level 5. HP: 34/38 MP: 5/5
  2361 | D:4      | Noticed Dowan
  2368 | D:4      | Killed Duvessa
  2368 | D:4      | Reached skill level 6 in Maces & Flails
  2371 | D:4      | Killed Dowan
  2371 | D:4      | Gained mutation: You have large cloven feet. [demonic ancestry]
  2371 | D:4      | Reached XP level 6. HP: 26/44 MP: 6/6
  2798 | D:4      | Reached skill level 1 in Armour
  2798 | D:4      | Reached skill level 1 in Shields
  2854 | D:4      | Slain by an ogre

Action                   |  1- 3 |  4- 6 || total
-------------------------+-------+-------++-------
Melee: Flail             |   162 |   117 ||   279
Invok: Potion Petition   |       |     1 ||     1
  Eat: Chunk             |     1 |       ||     1
       Meat ration       |       |     1 ||     1
